 Dungeon Crawl Stone Soup version 0.31-a0-190-g4feb4907b2 (webtiles) character file.

Game seed: 11211037528263905797

1910 qw the Skirmisher (level 8, -2/46 HPs)
             Began as a Deep Elf Hunter on June 23, 2023.
             Was an Initiate of Okawaru.
             Slain by an ogre
             ... wielding a +0 giant club
              (17 damage)
             ... on level 6 of the Dungeon.
             The game lasted 00:02:14 (4898 turns).

qw the Skirmisher (Deep Elf Hunter)                 Turns: 4898, Time: 00:02:14

Health: -2/46      AC: 12    Str: 10    XL:     8   Next: 94%
Magic:  8/11       EV: 15    Int: 15    God:    Okawaru [......]
Gold:   267        SH:  0    Dex: 18    Spells: 7/7 levels left

rFire   . . .        Y - +1 shortbow
rCold   . . .        (shield currently unavailable)
rNeg    . . .        o - +0 ring mail
rPois   +            g - +0 helmet
rElec   .            (no cloak)
rCorr   .            m - +0 pair of gloves
SInv    .            (no boots)
Will    .....        (no amulet)
Stlth   +++          l - +4 ring of protection
HPRegen 0.27/turn    f - ring of poison resistance
MPRegen 0.12/turn

%: no passive effects
@: heroic
A: no striking features
a: Renounce Religion


You were on level 6 of the Dungeon.
You worshipped Okawaru.
Okawaru was noncommittal.
You visited 2 branches of the dungeon, and saw 7 of its levels.

You collected 267 gold pieces.


   Skills:
 - Level 3.5(8.5) Fighting
 - Level 14.0(19.0) Ranged Weapons
 - Level 1.1(6.1) Armour
 + Level 4.6(9.6) Dodging
 - Level 1.2(6.2) Stealth
 - Level 1.7 Invocations


You had 7 spell levels left.
You didn't know any spells.
Your spell library was empty.

Inventory:

Hand Weapons
 Y - a +1 shortbow (weapon)
Armour
 c - a +2 cloak
 g - a +0 helmet (worn)
 j - a +2 hat
 m - a +0 pair of gloves (worn)
 o - a +0 ring mail (worn)
Jewellery
 d - a +4 ring of protection
 f - a ring of poison resistance (right hand)
 l - a +4 ring of protection (left hand)
Scrolls
 b - a scroll of teleportation
 e - 4 scrolls of identify
Potions
 a - a potion of haste {unknown}
 h - 2 potions of curing
 i - a potion of enlightenment

Dungeon Overview and Level Annotations

Branches:
Dungeon (6/15)             Temple (1/1) D:5

Altars:
Ashenzari
Dithmenos
Fedhas
Hepliaklqana
Kikubaaqudgha
Nemelex Xobeh
Okawaru
Ru
Sif Muna
Trog
Uskayaw
Vehumet
Wu Jian
Yredelemnul
Zin
The Shining One

Shops:
D:1 :   D:6 =

Annotations:
D:6 2 transporters, qw's ghost, novice NaHu


Message History

The iguana barely misses you.
You shoot an arrow. The arrow closely misses the iguana.
The iguana misses you.
You shoot an arrow. The arrow hits the iguana!
You kill the iguana!
Okawaru accepts your kill.
You shoot an arrow.
The arrow hits the white imp but does no damage.
You feel like a meek peon again.
4888 ||| INVOKING Heroism.
You gain the combat prowess of a mighty hero.
You can no longer gain great but temporary skills.
The sleepcap barely misses you.
An ogre comes into view. It is wielding a +0 giant club.
You shoot an arrow. The arrow hits the sleepcap!
The sleepcap is moderately damaged.
The sleepcap releases spores at you.
You are engulfed in a cloud of soporific spores!
You fall asleep.
The sleepcap releases spores at you but does no damage.
The sleepcap releases spores at you.
You wake up.
You shoot an arrow. The arrow hits the sleepcap!
The sleepcap is almost destroyed.
The sleepcap releases spores at you but does no damage.
You shoot an arrow. The arrow hits the sleepcap!
You destroy the sleepcap!
Okawaru accepts your kill.
You shoot an arrow. The arrow hits the white imp!
You kill the white imp!
Okawaru accepts your kill.
You shoot an arrow. The arrow hits the ogre.
The ogre is lightly wounded.
You shoot an arrow. The arrow hits the ogre!
The ogre is moderately wounded.
The ogre closely misses you.
You shoot an arrow. The arrow hits the ogre.
The ogre is heavily wounded.
You shoot an arrow. The arrow barely misses the ogre.
The ogre hits you with a +0 giant club!
You die...

#.# #.#.##
#...## #.#
#....## ###.##
#.#
#.###.########
#.## #[# #.#
#........# #.##
#.#
#<###.######.#
#.## #.#######
##...........#
#.## #.......#
##.>#########
#.## #######.#
##..# #.## # #.#
#)@.# # #.#
#O### # #.# ...
# #.# ....# #
#######.##....[#
#
........##...###
#
#########.....h#
## .....!# #. ##
#.


You could see an ogre and a howler monkey.

Vanquished Creatures
  Grinder (D:5)
  A shadow (D:6)
  2 ice beasts (D:6)
  2 sky beasts (D:6)
  A black bear (D:5)
  2 ogres
  A centaur (D:6)
  2 phantoms
  A kobold brigand (D:6)
  A jelly (D:5)
  4 hounds
  4 iguanas
  A sleepcap (D:6)
  An orc wizard (D:6)
  11 gnolls
  11 adders
  A white imp (D:6)
  2 worms
  2 dart slugs (D:3)
  8 orcs
  5 ball pythons
  6 endoplasms
  4 giant cockroaches
  6 goblins
  9 hobgoblins
  12 jackals
  12 kobolds
  2 quokkas (D:1)
  7 bats
  10 frilled lizards
  5 rats
137 creatures vanquished.

Notes
Turn   | Place    | Note
-------+----------+-------------------------------------------
     0 | D:1      | qw the Deep Elf Hunter began the quest for the Orb.
     0 | D:1      | Reached XP level 1. HP: 12/12 MP: 3/3
     0 | D:1      | 0 ||| qw: Version: 0.3-a-9-g12657ce
     0 | D:1      | 0 ||| qw: Game counter: 4471
     0 | D:1      | 0 ||| qw: Always use a shield: true
     0 | D:1      | 0 ||| qw: God list: Okawaru
     0 | D:1      | 0 ||| qw: Allow faded altars: false
     0 | D:1      | 0 ||| qw: Do Orc after D:15 true
     0 | D:1      | 0 ||| qw: Do second Lair branch before Depths: true
     0 | D:1      | 0 ||| qw: Lair rune preference: random
     0 | D:1      | 0 ||| qw: Plans: Normal
     0 | D:1      | 0 ||| PLANNING D:1-11
   197 | D:1      | Reached skill level 6 in Ranged Weapons
   197 | D:1      | Reached XP level 2. HP: 16/16 MP: 4/4
   406 | D:1      | Found Suroyph's Book Emporium.
   731 | D:1      | Reached XP level 3. HP: 20/20 MP: 5/5
   771 | D:1      | 771 ||| UPGRADING to +0 helmet.
   776 | D:1      | 776 ||| DROPPING ring of wizardry.
   777 | D:1      | 777 ||| UPGRADING to +4 ring of protection.
   778 | D:1      | 778 ||| READING scroll labelled QAGEHO ETIC.
   816 | D:1      | 816 ||| READING scroll labelled KOPPOZ KIKA.
   817 | D:1      | 817 ||| READING scroll labelled JIQOIREAQE.
   918 | D:1      | 918 ||| READING 3 scrolls labelled ANWUOFEOKY.
   919 | D:1      | 919 ||| READING 2 scrolls labelled TEIMPI XOERAM.
   920 | D:1      | 920 ||| DROPPING scroll of butterflies.
   921 | D:1      | 921 ||| DROPPING 2 scrolls of fog.
   922 | D:1      | 922 ||| DROPPING scroll of immolation.
  1172 | D:2      | Reached skill level 7 in Ranged Weapons
  1502 | D:2      | 1502 ||| UPGRADING to +0 pair of gloves.
  1507 | D:2      | 1507 ||| UPGRADING to +0 ring mail.
  1517 | D:2      | 1517 ||| DROPPING +0 leather armour.
  1518 | D:2      | 1518 ||| UPGRADING to ring of poison resistance.
  1519 | D:2      | 1519 ||| READING scroll labelled IQIM DU BASO.
  1520 | D:2      | 1520 ||| READING scroll labelled ABRYRE LUULIRE.
  1521 | D:2      | 1521 ||| READING scroll labelled RATODI MOEPPO.
  1525 | D:2      | 1525 ||| READING scroll labelled EDDUSCHOLAA.
  1526 | D:2      | 1526 ||| DRINKING 2 puce potions.
  1573 | D:3      | Reached XP level 4. HP: 25/25 MP: 6/6
  1840 | D:3      | Reached skill level 8 in Ranged Weapons
  1923 | D:3      | Reached XP level 5. HP: 29/29 MP: 7/7
  2016 | D:3      | 2016 ||| READING scroll labelled YWUEQURIETS.
  2017 | D:3      | 2017 ||| DRINKING 2 orange potions.
  2046 | D:4      | 2046 ||| STAIRDANCE
  2132 | D:4      | Noticed a phantom
  2149 | D:4      | Killed a phantom
  2150 | D:4      | Reached skill level 9 in Ranged Weapons
  2297 | D:4      | Reached XP level 6. HP: 33/35 MP: 8/8
  2479 | D:4      | Reached skill level 1 in Armour
  2569 | D:4      | Reached skill level 10 in Ranged Weapons
  2713 | D:4      | Reached skill level 3 in Dodging
  2920 | D:4      | Found a bloodstained altar of Trog.
  3007 | D:4      | 3007 ||| READING scroll labelled QOCEUTUFEE.
  3008 | D:4      | 3008 ||| READING scroll labelled SAKYUBBOIPE.
  3009 | D:4      | 3009 ||| READING 2 scrolls of identify.
  3009 | D:4      | 3009 ||| IDENTIFYING dark potion
  3010 | D:4      | 3010 ||| DROPPING potion of degeneration.
  3024 | D:5      | Entered Level 5 of the Dungeon
  3024 | D:5      | Found a staircase to the Ecumenical Temple.
  3025 | D:5      | 3025 ||| PLANNING TEMPLE
  3148 | D:5      | Reached XP level 7. HP: 32/40 MP: 9/9
  3225 | D:5      | Noticed Grinder
  3246 | D:5      | Paralysed by Grinder for 3 turns
  3252 | D:5      | Killed Grinder
  3253 | D:5      | Reached skill level 11 in Ranged Weapons
  3440 | D:5      | Reached skill level 12 in Ranged Weapons
  3451 | D:5      | HP: 10/40 [ogre/+0 giant club (17)]
  3452 | D:5      | 3452 ||| DRINKING potion of heal wounds.
  3580 | D:5      | Found a sparkling altar of Nemelex Xobeh.
  3854 | D:5      | 3854 ||| DRINKING 2 viscous pink potions.
  3896 | Temple   | Entered the Ecumenical Temple
  3940 | Temple   | 3940 ||| PLANNING OKAWARU WORSHIP
  3957 | Temple   | Became a worshipper of Warmaster Okawaru
  3958 | Temple   | 3958 ||| PLANNING D:1-11
  4000 | D:6      | Noticed a manticore
  4041 | D:6      | Reached skill level 3 in Fighting
  4041 | D:6      | Reached XP level 8. HP: 34/46 MP: 10/10
  4127 | D:6      | Found a transporter.
  4131 | D:6      | Noticed qw's ghost (novice NaHu)
  4133 | D:6      | Noticed a boulder beetle
  4150 | D:6      | Found a transporter.
  4323 | D:6      | Found Deigy's Jewellery Boutique.
  4325 | D:6      | 4325 ||| SHOPLISTING +5 ring of evasion (432 gold, have
                  | 249).
  4325 | D:6      | 4325 ||| SHOPLISTING amulet of faith (480 gold, have 249).
  4325 | D:6      | 4325 ||| SHOPLISTING amulet of the acrobat (360 gold, have
                  | 249).
  4325 | D:6      | 4325 ||| SHOPLISTING ring "Foruod" {rCorr EV+5 Str+2} (633
                  | gold, have 249).
  4325 | D:6      | 4325 ||| SHOPLISTING ring "Moromum" {rPois rC- Will++} (408
                  | gold, have 249).
  4400 | D:6      | Identified the +1 quarterstaff of Cuhadauq {freeze, rElec
                  | rC+ rCorr SInv}
  4565 | D:6      | Reached * piety under Okawaru
  4566 | D:6      | Reached skill level 13 in Ranged Weapons
  4825 | D:6      | Reached skill level 1 in Invocations
  4837 | D:6      | 4837 ||| INVOKING Heroism.
  4838 | D:6      | 4838 ||| INVOKING Heroism.
  4857 | D:6      | 4857 ||| INVOKING Heroism.
  4865 | D:6      | Reached skill level 14 in Ranged Weapons
  4871 | D:6      | 4871 ||| INVOKING Heroism.
  4888 | D:6      | 4888 ||| INVOKING Heroism.
  4898 | D:6      | Slain by an ogre

Levels and vault maps discovered:
D:1:      dpeg_arrival_fog, layout_basic, serial_shops, shop, minivault_5
D:2:      layout_basic, kennysheep_generic_room_11
D:3:      layout_rooms, kennysheep_generic_room_6
D:4:      layout_basic, lemuel_tele_altar, minmay_misc_feat_cross, minivault_14,
          hangedman_decor_points
D:5:      layout_basic, nemelex_spade_bored_becter, temple_pool_b, uniq_grinder
D:6:      layout_loops_ring, gammafunk_ghost_arena, serial_shops,
          nicolae_shop_gaudy_bauble, grunt_potential
Temple:   zaba_magenta_temple

Skill      XL: |  1  2  3  4  5  6  7  8 |
---------------+-------------------------+-----
Ranged Weapons | 6 7 8 9 10 12 14 | 14.0
Fighting       | 2 3 |  3.5
Armour         | 1 |  1.1
Dodging        | 3 4 |  4.6
Invocations    | 1 |  1.7
Stealth        | |  1.2

Action                     |  1- 3 |  4- 6 |  7- 9 || total
---------------------------+-------+-------+-------++-------
   Fire: Shortbow          |   132 |   218 |   233 ||   583
 Invoke: Heroism           |       |       |     4 ||     4
    Use: Scroll            |     9 |     4 |       ||    13
         Potion            |     1 |     1 |     2 ||     4
 Armour: Leather armour    |    10 |       |       ||    10
         Ring mail         |     3 |    85 |    47 ||   135
  Dodge: Dodged            |    36 |    87 |    70 ||   193

Table legend:
 A = Non-vault XP
 B = Vault XP
 C = Vault XP percentage of total XP
 D = Non-vault monster count
 E = Vault monster count
 F = Vault count percentage of total count
                 A         B        C        D         E       F
            +---------+---------+-------+---------+---------+-------
      Total |    1857 |     872 |  32.0 |     126 |      11 |   8.0
            +---------+---------+-------+---------+---------+-------
        D:1 |      47 |       0 |   0.0 |      29 |       0 |   0.0
        D:2 |      36 |       0 |   0.0 |      13 |       0 |   0.0
        D:3 |     107 |      13 |  10.8 |      27 |       1 |   3.6
        D:4 |     425 |       0 |   0.0 |      30 |       0 |   0.0
        D:5 |     462 |     272 |  37.1 |       8 |       1 |  11.1
        D:6 |     780 |     587 |  42.9 |      19 |       9 |  32.1
            +---------+---------+-------+---------+---------+-------
